 Dungeon Crawl Stone Soup version 0.27.1-34-g3ba077fa99 (webtiles) character file.

Game seed: 2625909774425233561

80 Descartes the Grasshopper (level 4, -1/33 HPs)
             Began as a Formicid Warper on Jan 22, 2022.
             Hit by a boomerang thrown by an orc (5 damage)
             ... on level 2 of the Dungeon.
             The game lasted 00:03:00 (2063 turns).

Descartes the Grasshopper (Formicid Warper)         Turns: 2063, Time: 00:03:00

Health: -1/33      AC:  5    Str: 13 (16) XL:     4   Next: 65%
Magic:  7/7        EV: 11    Int: 10 (13) God:
Gold:   66         SH:  0    Dex:  7 (10) Spells: 7/7 levels left

rFire    . . .     SeeInvis +   a - +0 mace
rCold    . . .     Faith    .   (no shield)
rNeg     . . .     Spirit   .   b - +0 leather armour
rPois    .         Reflect  .   (helmet unavailable)
rElec    .         Harm     .   (no cloak)
rCorr    .         Rampage  .   f - +0 pair of gloves
Will     .....                  k - +0 pair of boots
Stlth    ..........             (no amulet)
HPRegen  0.11/turn              (no ring)
MPRegen  0.10/turn              (no ring)

@: confused, lethally poisoned (-1 -> -12)
A: permanent stasis, dig shafts and tunnels, antennae 3, four strong arms
a: Dig, Shaft Self


You were on level 2 of the Dungeon.
You visited 1 branch of the dungeon, and saw 2 of its levels.

You collected 66 gold pieces.

Inventory:

Hand Weapons
 a - a +0 mace (weapon)
Missiles
 c - 5 boomerangs of dispersal (quivered)
 j - 38 stones
Armour
 b - a +0 leather armour (worn)
 f - a +0 pair of gloves (worn)
 k - a +0 pair of boots (worn)
Scrolls
 g - a scroll of enchant weapon {unknown}
 h - a scroll of blinking {unknown}
 i - a scroll of magic mapping {unknown}
 l - a scroll of identify {unknown}
Potions
 d - a potion of heal wounds {unknown}


   Skills:
 - Level 2.1 Fighting
 - Level 2.0 Maces & Flails
 - Level 1.0 Throwing
 + Level 3.2 Armour
 - Level 1.7 Dodging
 - Level 2.1 Spellcasting
 + Level 3.7 Translocations


You had 7 spell levels left.
You didn't know any spells.
Your spell library contained the following spells:

 Spells                   Type           Power      Damage    Failure   Level
 Gell's Gravitas          Tloc           4%         N/A       26%         3
 Lesser Beckoning         Tloc           4%         N/A       26%         3
 Teleport Other           Tloc           8%         N/A       26%         3
 Manifold Assault         Tloc           8%         N/A       93%         5
 Dispersal                Tloc           4%         N/A       100%        6
 Blink                    Tloc           Unusable   N/A       N/A         2

Dungeon Overview and Level Annotations

Branches:
Dungeon (2/15)

Altars:
Ru


Innate Abilities, Weirdness & Mutations

You cannot be hasted, slowed, berserked, paralysed or teleported.
You can dig through walls and to a lower floor.
You have a pair of large antennae on your head. (SInv)
Your four strong arms can wield two-handed weapons with a shield.


Message History

The orc hits you with a +0 whip.
You barely miss the orc.
The orc is severely wounded.
The orc misses you.
You hit the orc.
You kill the orc!
The orc wizard casts a spell.
The orc wizard flickers and vanishes for a moment.
The orc wizard hits you with a +1 dagger of venom.
You are poisoned.
You closely miss the orc wizard.
You feel very sick.
The giant cockroach waves its antennae.
The giant cockroach barely misses you. The orc wizard misses you.
The giant cockroach bites you.
You are too injured to fight recklessly!
You are too injured to fight recklessly!
You feel sick. The orc wizard casts a spell at you.
You are confused.
An orc comes into view. It is wielding a +0 dagger.
You're too confused to move!
You feel sick.
The orc shouts!
The giant cockroach bites you but does no damage.
The orc wizard casts a spell at you. The puff of flame hits you!
* * * LOW HITPOINT WARNING * * *
The orc throws a boomerang.
The boomerang hits you.
* * * LOW HITPOINT WARNING * * *
It was a potion of degeneration.
There was something very wrong with that liquid.
You feel weakened.
You feel dopey.
You feel clumsy.
* * * LOW HITPOINT WARNING * * *
You feel sick.
The giant cockroach bites you but does no damage.
The orc wizard hits you with a +1 dagger of venom.
* * * LOW HITPOINT WARNING * * *
You are more poisoned.
The orc throws a boomerang.
The boomerang hits you.
You die...

########
#....)o#
#B########
#o@....... #
##..###....
#.###..........
###.............
........#.##....
###o.##.#.# .##.
#..##.#.## .
#........# #
##.##†#).#


You could see an orc wizard (invisible), 2 orcs and a giant cockroach.

Vanquished Creatures
  An orc wizard (D:2)
  An adder (D:1)
  A worm (D:2)
  A dart slug (D:1)
  An orc (D:2)
  2 ball pythons
  3 bats (D:2)
  6 endoplasms (D:1)
  2 giant cockroaches (D:1)
  4 goblins
  6 hobgoblins (D:1)
  A quokka (D:1)
  2 frilled lizards
  A kobold (D:1)
  6 rats
38 creatures vanquished.

Notes
Turn   | Place    | Note
-------+----------+-------------------------------------------
     0 | D:1      | Descartes the Formicid Warper began the quest for the Orb.
     0 | D:1      | Reached XP level 1. HP: 16/16 MP: 3/3
   291 | D:1      | Reached XP level 2. HP: 22/22 MP: 5/5
  1046 | D:1      | Reached XP level 3. HP: 16/27 MP: 6/6
  1172 | D:1      | Found a faded altar of an unknown god.
  1183 | D:1      | Became a worshipper of Ru the Awakened
  1184 | D:1      | Fell from the grace of Ru
  1892 | D:2      | Reached XP level 4. HP: 33/33 MP: 7/7
  2063 | D:2      | Hit by a boomerang thrown by an orc

Illustrated notes

Levels and vault maps discovered:
D:1:      elethiomel_arrival_quiet, layout_loops_ring,
          ebering_ecumenical_altar_ruins, st_stairs_14, minmay_misc_feat_chi,
          serial_bayou_pond_c, minmay_split_cup_large
D:2:      layout_loops_ring

Skill      XL: |  1  2  3  4 |
---------------+-------------+-----
Translocations | 3 |  3.7
Armour         | 2 3 |  3.2
Fighting       | |  2.1
Maces & Flails | |  2.0
Throwing       | |  1.0
Dodging        | |  1.7
Spellcasting   | |  2.1

Action                   |  1- 3 |  4- 6 || total
-------------------------+-------+-------++-------
Melee: Mace              |   108 |    36 ||   144
Invok: Renounce Religion |     1 |       ||     1
  Use: Potion            |       |     1 ||     1
Armor: Leather armour    |    40 |    19 ||    59
Dodge: Dodged            |    85 |    19 ||   104
